 Dungeon Crawl Stone Soup version 0.19.5 (webtiles) character file.

497 theElss the Cudgeler (level 7, 0/66 HPs)
             Began as a Gargoyle Berserker on Apr 12, 2017.
             Was a Priest of Trog.
             Slain by an orc
             ... wielding a +0 trident
              (3 damage)
             ... on level 4 of the Dungeon.
             The game lasted 00:08:14 (4117 turns).

theElss the Cudgeler (Gargoyle Berserker)           Turns: 4117, Time: 00:08:14

Health: 0/66       AC:  7    Str: 28    XL:     7   Next: 16%
Magic:  7/7        EV: 12    Int:  7    God:    Trog [***...]
Gold:   199        SH:  0    Dex:  9    Spells: 0 memorised, 6 levels left

rFire  . . .     SeeInvis +     a - +0 mace
rCold  + . .     Gourm    .     b - +0 animal skin
rNeg   + . .     Faith    .     (no shield)
rPois  ∞         Spirit   .     (no helmet)
rElec  +         Reflect  .     (no cloak)
rCorr  .         Harm     .     (no gloves)
MR     .....                    (no boots)
Stlth  ..........               (no amulet)
                                r - ring of protection from cold
                                q - ring of see invisible

@: berserking (expiring), very quick
A: negative energy resistance 1, electricity resistance, unbreathing,
petrification resistance, rot immunity, AC +4
a: Berserk, Trog's Hand, Burn Spellbooks, Renounce Religion


You were on level 4 of the Dungeon.
You worshipped Trog.
Trog was most pleased with you.
You were very hungry.

You visited 1 branch of the dungeon, and saw 4 of its levels.

You collected 199 gold pieces.

Inventory:

Hand Weapons
 a - a +0 mace (weapon)
Armour
 b - a +0 animal skin (worn)
Jewellery
 q - a ring of see invisible (left hand)
 r - a ring of protection from cold (right hand)
Scrolls
 e - a scroll of identify
 i - a scroll of remove curse
 l - 2 scrolls of enchant armour
Potions
 k - 2 potions of curing {unknown}
 m - a potion of beneficial mutation {unknown}
 n - a potion of might {unknown}
 o - 2 potions of degeneration {unknown}
 s - a potion of heal wounds {unknown}
Comestibles
 c - 5 bread rations
 d - 4 meat rations
 f - a chunk of flesh


   Skills:
 + Level 5.2 Fighting
 + Level 6.2 Maces & Flails
 + Level 2.3 Armour
 + Level 2.9 Dodging


You had 6 spell levels left.
You didn't know any spells.

Dungeon Overview and Level Annotations

Branches:
Dungeon (4/15)
 Temple: D:4-7

Altars:


Innate Abilities, Weirdness & Mutations

You are resistant to torment.
Your stone body is resilient. (AC +4)
You are immune to poison.
You resist negative energy. (rN+)
You are resistant to electric shocks. (rElec)
You can survive without breathing.
You are immune to petrification.
You are immune to rotting.


Message History

You are feeling very hungry.
The orc hits you from afar with a trident!
* * * LOW HITPOINT WARNING * * *
The orc barely misses you.
You barely miss the orc.
The orc is lightly wounded.
The orc hits you but does no damage.
You closely miss the orc.
The orc is lightly wounded.
The orc closely misses you.
You hit the orc.
The orc is heavily wounded.
The orc barely misses you. The orc closely misses you.
You thump the orc!
You kill the orc!
Trog accepts your kill. The orc misses you.
Unknown command.
The orc hits you with a trident.
You die...

. #######
... #.$...#
....
#.....#.....
#...........
#....o#.o...
#.oo..# ....
##o#### ..
#@# #)# #.#
##.###
#....#
#....#
#....#
#....#
#....#


You could see 3 orcs.

Vanquished Creatures
  The ghost of theElss the Cudgeler, an amateur GrBe of Trog (D:3)
  A howler monkey (D:4)
  2 orc priests (D:3)
  An orc wizard (D:4)
  A worker ant (D:3)
  8 adders
  2 oozes
  2 worms
  3 dart slugs
  A leopard gecko (D:2)
  13 orcs
  3 giant cockroaches
  6 goblins
  6 hobgoblins
  7 jackals
  2 quokkas (D:3)
  5 bats
  7 kobolds
  7 rats
78 creatures vanquished.

Vanquished Creatures (others)
  A hobgoblin (D:4)
1 creature vanquished.

Grand Total: 79 creatures vanquished

Notes
Turn   | Place    | Note
-------+----------+-------------------------------------------
     0 | D:1      | theElss the Gargoyle Berserker began the quest for the Orb.
     0 | D:1      | Reached XP level 1. HP: 14/14 MP: 1/1
   141 | D:1      | Reached XP level 2. HP: 18/19 MP: 2/2
  1344 | D:2      | Reached XP level 3. HP: 15/24 MP: 3/3
  2022 | D:2      | Reached skill level 4 in Maces & Flails
  2260 | D:2      | Reached XP level 4. HP: 21/29 MP: 4/4
  2429 | D:3      | Noticed theElss's ghost (amateur GrBe)
  2442 | D:3      | Killed theElss's ghost
  2442 | D:3      | Reached skill level 5 in Maces & Flails
  2442 | D:3      | Reached XP level 5. HP: 6/34 MP: 5/5
  2442 | D:3      | Reached XP level 6. HP: 6/39 MP: 6/6
  2695 | D:3      | Reached ** piety under Trog
  3410 | D:3      | Reached skill level 5 in Fighting
  3766 | D:4      | Reached skill level 6 in Maces & Flails
  3766 | D:4      | Reached XP level 7. HP: 32/44 MP: 7/7
  3817 | D:4      | Reached *** piety under Trog
  4112 | D:4      | HP: 2/66 [orc/trident (8)]
  4117 | D:4      | Slain by an orc

Skill      XL: |  1  2  3  4  5  6 |
---------------+-------------------+-----
Fighting       | 4 5 |  5.2
Maces & Flails | 4 5 6 |  6.2
Dodging        | 2 |  2.9
Armour         | |  2.3

Action                   |  1- 3 |  4- 6 |  7- 9 || total
-------------------------+-------+-------+-------++-------
Melee: Mace              |   122 |   154 |    64 ||   340
Invok: Berserk           |       |     3 |     2 ||     5
  Use: Scroll            |       |     6 |     1 ||     7
 Stab: Sleeping          |       |     1 |       ||     1
  Eat: Chunk             |     4 |     8 |     2 ||    14
Armor: Animal skin       |    43 |    66 |    23 ||   132
Dodge: Dodged            |   101 |   104 |    59 ||   264
